 Dungeon Crawl Stone Soup version 0.25-a0-731-g0472a16 (webtiles) character file.

Game seed: 5252616254473575769, levelgen mode: deterministic

56 Ardor the Conjurer (level 3, 0/24 HPs)
             Began as a Barachi Conjurer on Apr 8, 2020.
             Slain by a worm (4 damage)
             ... on level 2 of the Dungeon.
             The game lasted 00:06:06 (1955 turns).

Ardor the Conjurer (Barachi Conjurer)               Turns: 1955, Time: 00:06:06

Health: 0/24       AC:  4    Str:  9    XL:     3   Next: 97%
Magic:  1/6        EV: 12    Int: 16    God:
Gold:   36         SH:  0    Dex: 12    Spells: 3/7 levels left

rFire    . . .     SeeInvis .   g - +0 short sword
rCold    . . .     Gourm    .   (no shield)
rNeg     . . .     Faith    .   a - +0 robe
rPois    .         Spirit   .   b - +0 helmet
rElec    .         Reflect  .   (no cloak)
rCorr    .         Harm     .   (no gloves)
MR       .....                  l - +0 pair of boots
Stlth    ++........             (no amulet)
HPRegen  0.08/turn              (no ring)
MPRegen  0.10/turn              (no ring)

@: slow
A: +LOS, swims, slowness 1, strong legs 1
a: Hop


You were on level 2 of the Dungeon.
You were not hungry.

You visited 1 branch of the dungeon, and saw 2 of its levels.

You collected 36 gold pieces.

Inventory:

Hand Weapons
 g - a +0 short sword (weapon)
Armour
 a - a +0 robe (worn)
 b - a +0 helmet (worn)
 i - a scarf of spirit shield
 l - a +0 pair of boots (worn)
 n - a +0 ring mail
Jewellery
 j - a cursed ring of teleportation
Scrolls
 d - a scroll of fog {unknown}
 f - 6 scrolls of identify {unknown}
 h - a scroll of remove curse {unknown}
 k - a scroll of noise {unknown}
 p - a scroll of blinking {unknown}
Potions
 e - a potion of magic {unknown}
 m - 2 potions of ambrosia {unknown}
 o - a potion of might {unknown}
Comestibles
 c - a ration


   Skills:
 - Level 2.1 Dodging
 - Level 1.7 Stealth
 + Level 2.5 Spellcasting
 + Level 5.5 Conjurations
 * Level 1.5 Hexes


You had 3 spell levels left.
You knew the following spells:

 Your Spells              Type           Power        Failure   Level  Hunger
a - Magic Dart            Conj           ###.         1%          1    #......
b - Dazzling Flash        Conj/Hex       ##....       14%         3    ###....

Your spell library contained the following spells:

 Spells                   Type           Power        Failure   Level  Hunger
 Searing Ray              Conj           ###...       3%          2    ##.....
 Fulminant Prism          Conj/Hex       ##........   43%         4    #####..
 Iskenderun's Mystic Bla  Conj/Tloc      ##......     54%         4    #####..


Dungeon Overview and Level Annotations

Branches:
Dungeon (2/15)

Altars:


Innate Abilities, Weirdness & Mutations

You can be seen from farther away. (+LOS)
You can swim through water.
You cover ground slowly.
You can hop short distances.


Message History

Aim: a worm (severely wounded)
The magic dart hits the worm.
The worm is severely wounded.
You barely miss the worm.
The worm is severely wounded.
The worm closely misses you.
Casting: Magic Dart (safe; 1% risk of failure)
Confirm with . or Enter, or press ? or * to list all spells.
Aiming: Magic Dart (safe; 1% risk of failure)
Press: ? - help, Shift-Dir - straight line, f/p - worm
Aim: a worm (severely wounded)
The magic dart hits the worm.
The worm is almost dead.
You hit the worm.
The worm is almost dead.
The worm misses you.
You completely miss the worm.
The worm is almost dead.
The worm bites you.
You die...

..##.#
#.#
#.##.#
#.#
#.##.#
#.#
..##.#
#<#
####.#
#.#
#.#
#.#
#.#
#.#
#.#
#w#
#.#
#@#
#.#
#.#
####.#
#.#
..##.#
#.#
#.##.#
#.####
.....#
#....#
#.####
####.#
#.#
#.#
#w#
#.#


You could see a worm.

Vanquished Creatures
  A worker ant (D:2)
  4 dart slugs
  A ball python (D:1)
  2 giant cockroaches (D:2)
  A goblin (D:2)
  3 hobgoblins
  9 kobolds
  2 frilled lizards (D:2)
  2 rats
25 creatures vanquished.

Notes
Turn   | Place    | Note
-------+----------+-------------------------------------------
     0 | D:1      | Ardor the Barachi Conjurer began the quest for the Orb.
     0 | D:1      | Reached XP level 1. HP: 13/13 MP: 3/3
   278 | D:1      | Reached XP level 2. HP: 19/19 MP: 1/5
   456 | D:1      | Reached skill level 5 in Conjurations
   856 | D:2      | Reached XP level 3. HP: 24/24 MP: 1/6
   861 | D:2      | Learned a level 3 spell: Dazzling Flash
  1239 | D:2      | Reached skill level 1 in Hexes
  1654 | D:2      | HP: 1/24 [worm (6)]
  1955 | D:2      | Slain by a worm

Levels and vault maps discovered:
D:1:      wander_arrival_fairy_ring, layout_rooms
D:2:      layout_loops_ring

Skill      XL: |  1  2  3 |
---------------+----------+-----
Conjurations   | 5 |  5.5
Hexes          | 1 |  1.5
Dodging        | |  2.1
Stealth        | |  1.7
Spellcasting   | |  2.5

Action                   || total
-------------------------++-------
Melee: Unarmed           ||     4
       Dagger            ||    10
       Short sword       ||    71
 Cast: Magic Dart        ||    56
       Dazzling Flash    ||     6
 Stab: Invisible         ||     4
  Eat: Chunk             ||     3
       Ration            ||     1
Armor: Robe              ||    10
Dodge: Dodged            ||    54

Table legend:
 A = Non-vault XP
 B = Vault XP
 C = Vault XP percentage of total XP
 D = Non-vault monster count
 E = Vault monster count
 F = Vault count percentage of total count
                 A         B        C        D         E       F
            +---------+---------+-------+---------+---------+-------
      Total |      81 |       0 |   0.0 |      25 |       0 |   0.0
            +---------+---------+-------+---------+---------+-------
        D:1 |      29 |       0 |   0.0 |      13 |       0 |   0.0
        D:2 |      52 |       0 |   0.0 |      12 |       0 |   0.0
            +---------+---------+-------+---------+---------+-------
